 Dungeon Crawl Stone Soup version 0.27-a0-1324-ge0d8e047f6 (webtiles) character file.

Game seed: 4560418495441197182

135 nothank2 the Sneak (level 4, -1/21 HPs)
             Began as a Spriggan Enchanter on June 23, 2021.
             Slain by a killer bee zombie (4 damage)
             ... on level 4 of the Dungeon.
             The game lasted 00:08:43 (2633 turns).

nothank2 the Sneak (Spriggan Enchanter)             Turns: 2633, Time: 00:08:43

Health: -1/21      AC:  7    Str:  4    XL:     4   Next: 96%
Magic:  4/10       EV: 17    Int: 16    God:
Gold:   133        SH:  0    Dex: 16    Spells: 6/9 levels left

rFire    . . .     SeeInvis +   a - +1 dagger
rCold    . . .     Faith    .   (shield restricted)
rNeg     . . .     Spirit   .   b - +1 robe
rPois    .         Reflect  .   (helmet restricted)
rElec    .         Harm     .   (no cloak)
rCorr    .         Rampage  .   (gloves unavailable)
Will     .....                  (boots unavailable)
Stlth    +++.......             (no amulet)
HPRegen  0.07/turn              d - ring of flight
MPRegen  0.12/turn              h - +4 ring of protection

@: flying, very quick
A: very small, no large weapons, unfitting armour, see invisible, speed 3
a: no special abilities


You were on level 4 of the Dungeon.
You visited 1 branch of the dungeon, and saw 5 of its levels.

You collected 133 gold pieces.

Inventory:

Hand Weapons
 a - a +1 dagger (weapon)
Armour
 b - a +1 robe (worn)
 k - a +0 pair of gloves
Jewellery
 d - a ring of flight (left hand)
 h - a +4 ring of protection (right hand)
Wands
 m - a wand of flame (10)
Scrolls
 i - 3 scrolls of identify
Potions
 c - a potion of haste {unknown}
 e - 4 potions of heal wounds
 f - a potion of attraction {unknown}
 g - 2 potions of lignification {unknown}
 j - a potion of flight {unknown}
 l - a potion of mutation {unknown}


   Skills:
 - Level 1.1 Short Blades
 - Level 2.6 Dodging
 + Level 6.7 Stealth
 + Level 3.4 Spellcasting
 + Level 5.0 Hexes
 + Level 0.4 Ice Magic


You had 6 spell levels left.
You knew the following spells:

 Your Spells              Type           Power      Damage    Failure   Level
a - Corona                Hex            20%        N/A       2%          1
b - Ensorcelled Hibernat  Hex/Ice        22%        N/A       9%          2

Your spell library contained the following spells:

 Spells                   Type           Power      Damage    Failure   Level
 Confusing Touch          Hex            18%        N/A       7%          3
 Tukima's Dance           Hex            18%        N/A       7%          3
 Dazzling Flash           Conj/Hex       20%        N/A       19%         3


Dungeon Overview and Level Annotations

Branches:
Dungeon (5/15)
 Temple: D:4-7

Altars:


Innate Abilities, Weirdness & Mutations

You are very small and have problems with some larger weapons.
You are too small for most types of armour.
You have supernaturally acute eyesight. (SInv)
You cover ground extremely quickly. (Speed+++)


Message History

The killer bee zombie is heavily damaged.
The killer bee zombie closely misses you.
The killer bee zombie hits you but does no damage.
You closely miss the killer bee zombie.
The killer bee zombie is heavily damaged.
The killer bee zombie hits you.
The killer bee zombie completely misses you.
You barely miss the killer bee zombie.
The killer bee zombie is heavily damaged.
The killer bee zombie completely misses you.
You closely miss the killer bee zombie.
The killer bee zombie is heavily damaged.
The killer bee zombie closely misses you. x2
You hit the killer bee zombie.
The killer bee zombie is severely damaged.
The killer bee zombie closely misses you.
The killer bee zombie misses you.
You closely miss the killer bee zombie.
The killer bee zombie is severely damaged.
The killer bee zombie hits you but does no damage.
You hit the killer bee zombie.
The killer bee zombie is severely damaged.
The killer bee zombie closely misses you.
The killer bee zombie completely misses you.
You closely miss the killer bee zombie.
The killer bee zombie is severely damaged.
The killer bee zombie hits you but does no damage.
The killer bee zombie closely misses you.
You miss the killer bee zombie.
The killer bee zombie is severely damaged.
The killer bee zombie hits you. The killer bee zombie misses you.
You hit the killer bee zombie.
The killer bee zombie is almost destroyed.
The killer bee zombie hits you but does no damage.
You closely miss the killer bee zombie.
The killer bee zombie is almost destroyed.
The killer bee zombie hits you.
* * * LOW HITPOINT WARNING * * *
The killer bee zombie hits you.
You die...

......###........#
.................##
....##.........†..#
.....#............#
.###.###.......)..#
#...........####..#
.................######
..............Z........
....#+#.......†@#. ....
###........<...# ...
##..#...#...≈P≈ ..
.....#...#...≈≈≈
#.........<....≈≈
#..........(...≈≈
#..............≈P
...............≈≈


You could see a killer bee zombie.

Vanquished Creatures
  A hound (D:4)
  An iguana (D:4)
  Robin (D:2)
  An adder (D:2)
  2 dart slugs (D:1)
  4 endoplasms
  3 giant cockroaches
  15 goblins
  7 hobgoblins
  3 jackals (D:2)
  3 ball pythons (D:1)
  2 bats (D:1)
  2 frilled lizards
  A kobold (D:1)
  3 rats (D:1)
49 creatures vanquished.

Notes
Turn   | Place    | Note
-------+----------+-------------------------------------------
     0 | D:1      | nothank2 the Spriggan Enchanter began the quest for the
                  | Orb.
     0 | D:1      | Reached XP level 1. HP: 9/9 MP: 5/5
   312 | D:1      | Reached XP level 2. HP: 9/13 MP: 6/6
   401 | D:1      | Learned a level 2 spell: Ensorcelled Hibernation
   579 | D:1      | Reached skill level 5 in Stealth
   755 | D:1      | Found a faded altar of an unknown god.
  1259 | D:2      | Reached XP level 3. HP: 16/16 MP: 8/8
  1790 | D:2      | Noticed Robin
  2364 | D:2      | Killed Robin
  2365 | D:2      | Reached XP level 4. HP: 12/21 MP: 6/9
  2520 | D:3      | You are sucked into a shaft and drop 2 floors!
  2520 | D:5      | Entered Level 5 of the Dungeon
  2559 | D:4      | Reached skill level 6 in Stealth
  2621 | D:4      | Reached skill level 5 in Hexes
  2633 | D:4      | Slain by a killer bee zombie

Illustrated notes

Levels and vault maps discovered:
D:1:      arrival_zaba_pyramid, layout_loops_ring, basic_ecumenical_altar
D:2:      cheibrodos_old_hovel, layout_basic, uniq_robin
D:3:      layout_basic, gammafunk_ghost_grave, uniq_jessica, uniq_ijyb
D:4:      layout_basic, nzn_hepliaklqana_mist_gate, serial_bayou,
          serial_bayou_pond_d, serial_bayou_pond_c, serial_bayou_pond_c,
          serial_bayou_shore_a, gammafunk_ghost_necromancy,
          minmay_misc_feat_pillars, uniq_edmund
D:5:      layout_loops_ring, chequers_serial_rivers_micro_d

Skill      XL: |  1  2  3  4 |
---------------+-------------+-----
Hexes          | 4 5 |  5.0
Stealth        | 5 6 |  6.7
Spellcasting   | 3 |  3.4
Short Blades   | |  1.1
Dodging        | |  2.6
Ice Magic      | |  0.4

Action                   |  1- 3 |  4- 6 || total
-------------------------+-------+-------++-------
Melee: Dagger            |   262 |    21 ||   283
 Cast: Corona            |     1 |       ||     1
       Ensorcelled Hiber |     5 |     3 ||     8
  Use: Scroll            |       |     2 ||     2
 Stab: Sleeping          |    12 |     3 ||    15
Armor: Robe              |    50 |     6 ||    56
Dodge: Dodged            |   207 |    35 ||   242

Table legend: (Time is in decaauts)
 A = Elapsed time spent in this place.
 B = Non-inter-level travel time spent in this place.
 C = Inter-level travel time spent in this place.
 D = Time resting spent in this place.
 E = Time spent auto-exploring this place.
 F = Levels seen in this place.
 G = Mean time per level.
                   A        B        C        D        E       F      G
               +--------+--------+--------+--------+--------+-----+--------+
         Total |   2129 |   2093 |     36 |    583 |    938 |   5 |  425.8 |
       Dungeon |   2129 |   2093 |     36 |    583 |    938 |   5 |  425.8 |
               +--------+--------+--------+--------+--------+-----+--------+

Top non-repeatable levels by time:
     D:1: 1191 daAuts
     D:2: 855 daAuts
     D:4: 58 daAuts
     D:5: 21 daAuts
     D:3: 3 daAuts
